 Dungeon Crawl Stone Soup version 0.21-a0-78-g82a99e0 (webtiles) character file.

56 4thArraOfDagon the Skirmisher (level 3, -1/34 HPs)
             Began as a Minotaur Abyssal Knight on June 21, 2017.
             Was a Follower of Lugonu.
             Succumbed to a gnoll's poison
             ... on level 1 of the Dungeon.
             The game lasted 00:03:08 (1062 turns).

4thArraOfDagon the Skirmisher (MiAK)                Turns: 1062, Time: 00:03:09

Health: -1/34      AC:  9    Str: 16    XL:     3   Next: 69%
Magic:  3/3        EV:  7    Int: 10    God:    Lugonu [*.....]
Gold:   35         SH:  0    Dex: 12    Spells: 2/2 levels left

rFire    . . .     SeeInvis .   a - +1 falchion
rCold    . . .     Gourm    .   (no shield)
rNeg     . . .     Faith    .   m - +0 chain mail
rPois    .         Spirit   .   (helmet restricted)
rElec    .         Reflect  .   (no cloak)
rCorr    .         Harm     .   (no gloves)
MR       .....                  (no boots)
Stlth    ..........             (no amulet)
HPRegen  0.11/turn              h - +3 ring of dexterity
MPRegen  0.08/turn              (no ring)

@: lethally poisoned (-1 -> -57), hasted, very quick
A: retaliatory headbutt, horns 2
a: Depart the Abyss, Renounce Religion


You were on level 1 of the Dungeon.
You worshipped Lugonu.
Lugonu was aware of your devotion.
You were hungry.

You visited 1 branch of the dungeon, and saw 6 of its levels.
You visited the Abyss 1 time.

You collected 35 gold pieces.

Inventory:

Hand Weapons
 a - a +1 falchion (weapon)
Armour
 b - a +0 leather armour
 m - a +0 chain mail (worn)
Jewellery
 h - a +3 ring of dexterity (left hand)
Wands
 d - a wand of lightning (6/15)
Scrolls
 e - a scroll of blinking {unknown}
 f - 2 scrolls of fog
 g - a scroll of magic mapping {unknown}
 i - a scroll of random uselessness {unknown}
 k - a scroll of recharging {unknown}
 l - a scroll of identify {unknown}
Comestibles
 c - 2 bread rations
 j - 6 fruits


   Skills:
 + Level 4.7 Fighting
 - Level 2.8 Long Blades
 + Level 2.8 Armour
 + Level 1.9 Dodging
 + Level 2.0 Invocations


You had 2 spell levels left.
You didn't know any spells.

Dungeon Overview and Level Annotations

Branches:
Dungeon (6/15)
 Temple: D:4-7

Altars:
Kikubaaqudgha

Shops:
D:5 *

Annotations:
D:4 Edmund


Innate Abilities, Weirdness & Mutations

You reflexively headbutt those who attack you in melee.
You have a pair of horns on your head.


Message History

The gnoll is severely wounded.
You feel very sick. The bat hits you but does no damage.
The gnoll hits you with a spear of venom.
* * * LOW HITPOINT WARNING * * *
You are more poisoned.
Unknown command.
Unknown command.
Unknown command.
It was a potion of haste.
You feel yourself speed up.
* * * LOW HITPOINT WARNING * * *
You feel very sick. The bat hits you but does no damage.
The gnoll hits you but does no damage.
You are more poisoned.
Unknown command.
Unknown command.
Unknown command.
You hit the gnoll.
The gnoll is severely wounded.
You die...

###### ...........#
#....# ...........#
#....# .......(...#
##....# #####....#.#
......### ##...#.#
........# #...#.#
........#######...#..
........#......b.g######
................@.......
..#######........#######
........'..)..........
#########).......#####
........+............
.########........####
.## #........# ..#
########## #.#######


You could see a gnoll and a bat.

Vanquished Creatures
  2 adders
  A gnoll (D:2)
  A dart slug (D:3)
  A leopard gecko (D:1)
  An orc (D:2)
  5 bats
  A goblin (D:1)
  2 hobgoblins
  4 jackals (D:2)
  A ball python (D:2)
  A frilled lizard (D:3)
  2 kobolds
  3 rats
25 creatures vanquished.

Notes
Turn   | Place    | Note
-------+----------+-------------------------------------------
     0 | Abyss:1  | 4thArraOfDagon the Minotaur Abyssal Knight began the quest for the Orb.
     0 | Abyss:1  | Reached XP level 1. HP: 19/19 MP: 1/1
    44 | Abyss:1  | Noticed a large abomination
    51 | D:1      | Escaped the Abyss
   158 | D:1      | Reached skill level 4 in Fighting
   206 | D:2      | Reached XP level 2. HP: 20/27 MP: 2/2
   269 | D:3      | Reached * piety under Lugonu
   294 | D:3      | You fall through a shaft for 3 floors!
   294 | D:6      | Noticed a scorpion
   294 | D:6      | Noticed a crimson imp
   299 | D:6      | Noticed a bullfrog
   302 | D:5      | Entered Level 5 of the Dungeon
   318 | D:5      | Noticed a necrophage
   327 | D:5      | Noticed a phantom
   329 | D:5      | Found Hiclaopn's General Store.
   348 | D:4      | Noticed Edmund
   722 | D:3      | Found an ancient bone altar of Kikubaaqudgha.
   849 | D:2      | Reached XP level 3. HP: 18/34 MP: 3/3
  1062 | D:1      | Succumbed to a gnoll's poison

Vault maps used:
D:1:      onia_arrival_larder
D:3:      kiku_gazebo_pond_becter, hangedman_decor_diamond_cutter, uniq_grinder
D:4:      kennysheep_big_flooded_room, item_on_display_a, uniq_robin,
          uniq_edmund
D:5:      first_bread, serial_shops, shop, shop
D:6:      minmay_temple_entry_hall, grunt_ministairs_2, uniq_menkaure

Skill      XL: |  1  2  3 |
---------------+----------+-----
Fighting       | 4 |  4.7
Invocations    | 2 |  2.0
Long Blades    | |  2.8
Armour         | |  2.8
Dodging        | |  1.9

Action                   || total
-------------------------++-------
Melee: Falchion          ||    56
       Headbutt          ||    10
Invok: Depart the Abyss  ||     1
  Use: Scroll            ||     4
       Potion            ||     1
Armor: Leather armour    ||    14
       Chain mail        ||    13
Dodge: Dodged            ||    40
       Rpst.: Falchion   ||    16
